 Dungeon Crawl Stone Soup version 0.24-a0-282-g1a68c91 (webtiles) character file.

Game seed: 15893458454513955940

4 MatthieuS the Grave Robber (level 1, -1/10 HPs)
             Began as a Deep Elf Necromancer on May 2, 2019.
             Slain by a jackal (3 damage)
             ... on level 1 of the Dungeon.
             The game lasted 00:00:32 (43 turns).

MatthieuS the Grave Robber (Deep Elf Necromancer)     Turns: 43, Time: 00:00:33

Health: -1/10      AC:  2    Str:  5    XL:     1   Next: 50%
Magic:  0/6        EV: 13    Int: 19    God:
Gold:   12         SH:  0    Dex: 15    Spells: 5/6 levels left

rFire    . . .     SeeInvis .   (no weapon)
rCold    . . .     Gourm    .   (no shield)
rNeg     . . .     Faith    .   a - +0 robe
rPois    .         Spirit   .   (no helmet)
rElec    .         Reflect  .   (no cloak)
rCorr    .         Harm     .   (no gloves)
MR       .....                  (no boots)
Stlth    ++........             (no amulet)
HPRegen  0.03/turn              (no ring)
MPRegen  0.10/turn              (no ring)

@: no status effects
A: no striking features
a: no special abilities


You were on level 1 of the Dungeon.
You were not hungry.

You visited 1 branch of the dungeon, and saw 1 of its levels.

You collected 12 gold pieces.

Inventory:

Missiles
 b - 15 arrows
Armour
 a - a +0 robe (worn)
Scrolls
 c - a scroll of noise {unknown}
Comestibles
 e - a ration


   Skills:
 + Level 0.2 Fighting
 - Level 2.4 Dodging
 + Level 2.5 Stealth
 + Level 3.1 Spellcasting
 + Level 4.9 Necromancy


You had 5 spell levels left.
You knew the following spells:

 Your Spells              Type           Power        Failure   Level  Hunger
a - Pain                  Necr           ###.         1%          1    None

Your spell library contained the following spells:

 Spells                   Type           Power        Failure   Level  Hunger
 Animate Skeleton         Necr           N/A          1%          1    None
 Vampiric Draining        Necr           ###.......   6%          3    ###....
 Regeneration             Chrm/Necr      ##........   17%         3    ###....
 Animate Dead             Necr           N/A          21%         4    ####...


Dungeon Overview and Level Annotations

Branches:
Dungeon (1/15)

Altars:


Message History

b - 15 arrows You open the door.
Found a scroll labeled PUIVAUPPOEDD.
There is an open door here.
c - a scroll labeled PUIVAUPPOEDD You open the door.
There is an open door here.
There is a stone staircase leading down here.
You now have 12 gold pieces.
There is a stone staircase leading down here.
There is a stone staircase leading down here.
You open the door.
There is an open door here.
A jackal comes into view.
Found a ration.
Aim: a jackal (resting, chance to defeat MR: 91%)
The jackal barks!
The jackal barely resists.
You hear a bark!
A jackal comes into view.
A jackal comes into view. x2
The jackal bites you.
There is an open door here.
Aim: a jackal (chance to defeat MR: 91%)
The jackal writhes in agony.
Aim: a jackal (heavily wounded, chance to defeat MR: 91%)
The jackal writhes in agony.
You kill the jackal!
Aim: a jackal (chance to defeat MR: 91%)
The jackal writhes in agony.
You kill the jackal!
Aim: a jackal (chance to defeat MR: 91%)
The jackal writhes in agony.
The jackal bites you but does no damage.
The jackal barely misses you.
Aim: a jackal (moderately wounded, chance to defeat MR: 91%)
The jackal writhes in agony!
You kill the jackal!
Aim: a jackal (chance to defeat MR: 91%)
The jackal writhes in agony.
The jackal bites you but does no damage.
You don't have enough magic to cast that spell.
You hit the jackal but do no damage. The jackal barely misses you. x2
You closely miss the jackal. The jackal completely misses you.
You barely miss the jackal. The jackal closely misses you. x2
You hit the jackal but do no damage. The jackal bites you.
* * * LOW HITPOINT WARNING * * *
You hit the jackal but do no damage. The jackal misses you.
You barely miss the jackal. The jackal bites you.
You die...

#.# #.# #.. #.# #.. #.#
..## #.# ..# #.#
#.#########.#
#.#.......#.#
#.'.>.>.>@h.#####
#.#.......#.....#
#######.#########.###.#
........#.......#.#


h.h #######.'...<...+.# .#.# #.#.......#.. .#... #.#########.# .# ### #.. ... ..
#.# .## %# You could see a jackal.

Vanquished Creatures
  3 jackals (D:1)
3 creatures vanquished.

Notes
Turn   | Place    | Note
-------+----------+-------------------------------------------
     0 | D:1      | MatthieuS the Deep Elf Necromancer began the quest for the
                  | Orb.
     0 | D:1      | Reached XP level 1. HP: 10/10 MP: 6/6
    43 | D:1      | Slain by a jackal

Levels and vault maps discovered:
D:1:      minmay_arrival_up_and_down, layout_basic, minmay_pentomino_z4

Action                   || total
-------------------------++-------
Melee: Unarmed           ||     6
 Cast: Pain              ||     7
Armor: Robe              ||     2
Dodge: Dodged            ||     7

Table legend:
 A = Non-vault XP
 B = Vault XP
 C = Vault XP percentage of total XP
 D = Non-vault monster count
 E = Vault monster count
 F = Vault count percentage of total count
                 A         B        C        D         E       F
            +---------+---------+-------+---------+---------+-------
      Total |       6 |       0 |   0.0 |       3 |       0 |   0.0
            +---------+---------+-------+---------+---------+-------
        D:1 |       6 |       0 |   0.0 |       3 |       0 |   0.0
            +---------+---------+-------+---------+---------+-------
